 Dungeon Crawl Stone Soup version 0.20.0-6-gd3061e9 (webtiles) character file.

102 Hasart the Ducker (level 4, -1/22 HPs)
             Began as a Felid Monk on May 28, 2017.
             Killed by nerve-wracking pain
             ... invoked by Menkaure
              (12 damage)
             ... on level 4 of the Dungeon.
             The game lasted 00:05:06 (3084 turns).

Hasart the Ducker (Felid Monk)                      Turns: 3084, Time: 00:05:07

Health: -1/22      AC:  1    Str:  7    XL:     4   Next: 50%
Magic:  5/5        EV: 22    Int:  9    God:
Gold:   121        SH:  0    Dex: 24    Spells: 3/3 levels left
                                        Lives:  0   Deaths: 1

rFire    . . .     SeeInvis +     - Unarmed
rCold    . . .     Gourm    .   (shield unavailable)
rNeg     . . .     Faith    .   (armour unavailable)
rPois    .         Spirit   .   (helmet unavailable)
rElec    .         Reflect  .   (cloak unavailable)
rCorr    .         Harm     .   (gloves unavailable)
MR       .....                  (boots unavailable)
Stlth    ++++......             r - amulet of regeneration
Regen    0.5/turn               v - -3 ring of intelligence (curse)
MPRegen  0.1/turn               m - +5 ring of dexterity

@: quick
A: no armour, no weapons or thrown items, stealth, claws 1, fangs 3, see
invisible, carnivore 3, speed 1, shaggy fur 1, slow metabolism 1, sharp paws
a: no special abilities


You were on level 4 of the Dungeon.
You were not hungry.

You visited 1 branch of the dungeon, and saw 4 of its levels.

You collected 121 gold pieces.

Inventory:

Jewellery
 h - an uncursed ring of flight
 m - a +5 ring of dexterity (right paw)
 r - an amulet of regeneration (around neck)
 v - a cursed -3 ring of intelligence (left paw)
Wands
 k - a wand of polymorph (9/24)
 l - a wand of digging (6/24)
 o - a wand of paralysis (11/24)
Scrolls
 c - 2 scrolls of teleportation {unknown}
 d - 2 scrolls of blinking {unknown}
 e - 4 scrolls of remove curse {unknown}
 n - a scroll of enchant armour {unknown}
 s - a scroll of identify {unknown}
 t - 2 scrolls of recharging {unknown}
 w - a scroll of amnesia {unknown}
Potions
 b - a potion of flight {unknown}
 f - 2 potions of might {unknown}
 g - 2 potions of haste {unknown}
 j - a potion of degeneration {unknown}
 p - a potion of heal wounds {unknown}
 q - a potion of curing {unknown}
 u - a potion of invisibility {unknown}
Comestibles
 a - a meat ration
 i - 4 royal jellies


   Skills:
 + Level 3.8 Fighting
 + Level 5.0 Dodging
 + Level 4.5 Stealth
 * Level 4.4 Unarmed Combat


You had 3 spell levels left.
You didn't know any spells.

Dungeon Overview and Level Annotations

Branches:
Dungeon (4/15)
 Temple: D:4-7

Altars:
Elyvilon
Nemelex Xobeh

Annotations:
D:4 2 transporters, Menkaure


Innate Abilities, Weirdness & Mutations

You cannot wear armour.
You are incapable of wielding weapons or throwing items.
Your paws allow you to move quietly. (Stealth)
You have sharp claws.
You have razor-sharp teeth.
You have supernaturally acute eyesight. (SInv)
You are carnivorous and can eat meat at any time.
You cover ground quickly.
You are covered in fur. (AC +1)
You have a slow metabolism.
Your sharp claws are effective at attacking unaware monsters.


Message History

An orc comes into view. It is wielding a hand axe.
The orc shouts!
You scratch the orc but do no damage. The orc hits you with a hand axe!
You scratch the orc but do no damage. You bite the orc, but do no damage.
The orc hits you with a hand axe!
You barely miss the orc. You scratch the orc. You bite the orc.
You kill the orc!
Things that are here:
a hand axe; a scale mail; an orc corpse
Found 11 gold pieces.
Found a sapphire potion.
Menkaure gestures at you while chanting.
Pain shoots through your body!
Menkaure gestures wildly while chanting.
Menkaure seems to speed up.
Menkaure casts a spell at you. Pain shoots through your body!
Ouch! That really hurt!
You die...

.###### #.# #.#
#.###.... ...#### #.#
#.####........ †.....#
#.# #.##..........
##.##.# #.#
#.##.#######.# #.##.#
#.# ##.##.#######.#
#.##.# #.#
#.............# #.##.#
#.# #.......#######
#.##.#
#.######............##
##.##.##
#...M@..####.#........
.......# #######.#
#.######.## .#.##..#
#.# #.# #.#
...##..##### #.# #.#
#.## ............ #.#
#.# #... ...##..#.###
#.# #.#### ####
.####..#.# #.# #....#
.####..#.# #.# ####.#
......... #.# #.#


You could see Menkaure.

Vanquished Creatures
  A bullfrog skeleton (D:4)
  Jessica (D:3)
  A worker ant (D:4)
  5 adders
  2 oozes
  2 worms
  2 dart slugs
  2 leopard geckos
  2 orcs
  A giant cockroach (D:3)
  9 hobgoblins
  3 jackals (D:2)
  A ball python (D:1)
  3 bats
  2 frilled lizards
  4 goblins
  6 kobolds
  7 rats
54 creatures vanquished.

Notes
Turn   | Place    | Note
-------+----------+-------------------------------------------
     0 | D:1      | Hasart the Felid Monk began the quest for the Orb.
     0 | D:1      | Reached XP level 1. HP: 10/10 MP: 2/2
   351 | D:1      | Reached XP level 2. HP: 14/14 MP: 3/3
  1359 | D:2      | Reached XP level 3. HP: 9/17 MP: 4/4
  2224 | D:3      | Noticed Jessica
  2233 | D:3      | Killed Jessica
  2233 | D:3      | Reached XP level 4. HP: 13/21 MP: 5/5
  2787 | D:4      | Reached XP level 5. HP: 25/25 MP: 6/6
  2856 | D:4      | Noticed an ice beast
  2858 | D:4      | Found a sparkling altar of Nemelex Xobeh.
  2859 | D:4      | Found a transporter.
  2859 | D:4      | Noticed an ogre
  2860 | D:4      | Found a white marble altar of Elyvilon.
  2861 | D:4      | Noticed an orc warrior
  2865 | D:4      | Noticed a wyvern
  2872 | D:4      | Found a transporter.
  2976 | D:4      | Noticed Menkaure
  2989 | D:4      | Killed from afar by Menkaure
  2990 | D:4      | Reached XP level 4. HP: -8/22 MP: 5/5
  3053 | D:4      | Reached skill level 5 in Dodging
  3084 | D:4      | Killed from afar by Menkaure

Skill      XL: |  1  2  3  4 |
---------------+-------------+-----
Stealth        | 3 4 |  4.5
Unarmed Combat | 4 |  4.4
Dodging        | 5 |  5.0
Fighting       | |  3.8

Action                   |  1- 3 |  4- 6 || total
-------------------------+-------+-------++-------
Melee: Unarmed           |   106 |    51 ||   157
       Punch             |     3 |       ||     3
       Bite              |     8 |     4 ||    12
 Stab: Sleeping          |    13 |     4 ||    17
  Eat: Chunk             |     8 |       ||     8
Armor: Skin              |     1 |       ||     1
Dodge: Dodged            |    69 |    32 ||   101
